 Dungeon Crawl Stone Soup version 0.29.0-4-gdea44cf6ec (webtiles) character file.

Game seed: 4552640274559920902

171795 qw the Peltast (level 17, -5/1 (166) HPs)
             Began as a Minotaur Berserker on Sept 4, 2022.
             Was a High Priest of Trog.
             Slain by a five-headed hydra simulacrum (6 damage)
             ... on level 4 of the Swamp.
             The game lasted 00:12:21 (37331 turns).

qw the Peltast (Minotaur Berserker)                Turns: 37331, Time: 00:12:21

HP:   -5/1 (166)    AC: 32    Str: 30    XL:     17   Next: 40%
MP:   14/14         EV: 12    Int:  4    God:    Trog [*****.]
Gold: 674           SH: 22    Dex: 15    Spells: 16/16 levels left

rFire   + . .      SeeInvis +   p - +0 broad axe (flame)
rCold   + . .      Faith    .   F - +1 tower shield {AC+3}
rNeg    . . .      Spirit   .   s - +2 plate armour {rF+}
rPois   .          Reflect  .   (helmet restricted)
rElec   .          Harm     .   b - +0 cloak
rCorr   .          Rampage  .   e - +2 pair of gloves
Will    +....                   g - +2 pair of boots
Stlth   ..........              l - amulet of the acrobat
HPRegen 0.01/turn               t - ring of Muwoumerph {rC+ Dex+5}
MPRegen 0.14/turn               j - ring of see invisible

@: extremely drained
A: horns 2, retaliatory headbutt, low MP 1
a: Renounce Religion, Berserk, Trog's Hand, Brothers in Arms


You were on level 4 of the Swamp.
You worshipped Trog.
Trog was extremely pleased with you.
You visited 5 branches of the dungeon, and saw 29 of its levels.
You also visited: Sewer and Gauntlet.

You collected 2893 gold pieces.
You spent 2219 gold pieces at shops.


Innate Abilities, Weirdness & Mutations

You have a pair of horns on your head.
You reflexively headbutt those who attack you in melee.
Your magical capacity is low. (-10% MP)


   Skills:
 - Level 18.5 Fighting
 + Level 16.9 Axes
 - Level 9.0 Throwing
 - Level 17.0 Armour
 - Level 11.0 Dodging
 - Level 18.7 Shields


You had 16 spell levels left.
You didn't know any spells.
Your spell library was empty.

Inventory:

Hand Weapons
 p - a +0 broad axe of flaming (weapon)
 u - the +9 war axe "Nytaunt" {spect, Drain rPois rCorr Dex+2}
   (You acquired it on level 7 of the Dungeon)

   When its wielder attacks, the weapon's spirit leaps out and strikes again.
   The spirit shares a part of any damage it takes with its wielder.
   Dex:       It affects your dexterity (+2).
   rPois:     It protects you from poison.
   rCorr:     It protects you from acid and corrosion.
   Drain:     It drains your maximum health when unequipped.
Missiles
 o - 23 boomerangs (quivered)
Armour
 b - a +0 cloak (worn)
 e - a +2 pair of gloves (worn)
 f - a +3 chain mail of poison resistance
 g - a +2 pair of boots (worn)
 s - a +2 plate armour of fire resistance (worn)
 z - the +5 chain mail "Kyneg" {Will+}
   (You bought it in a shop on level 2 of the Orcish Mines)

   Will:      It increases your willpower.
 A - a +2 plate armour of cold resistance
 F - a +1 tower shield of protection (worn)
Jewellery
 h - a ring of fire
 j - a ring of see invisible (right hand)
 l - an amulet of the acrobat (around neck)
 t - the ring of Muwoumerph (left hand) {rC+ Dex+5}
   (You found it on level 7 of the Dungeon)

   [ring of protection from cold]

   Dex:       It affects your dexterity (+5).
   rC:        It protects you from cold.
 v - a +4 ring of protection
 w - a ring of protection from fire
 B - a +4 ring of evasion
Scrolls
 a - 26 scrolls of identify
 x - a scroll of enchant weapon
 C - 3 scrolls of teleportation
Potions
 c - 5 potions of mutation
 d - 17 potions of curing
 i - 10 potions of might
 k - 9 potions of haste
 q - 2 potions of resistance
 r - 13 potions of heal wounds
 E - a potion of cancellation

Dungeon Overview and Level Annotations

Branches:
Dungeon (15/15) Temple (0/1) D:7 Lair (5/5) D:10 Swamp (4/4) Lair:2 Snake (3/4) Lair:3 Slime (0/5) Lair:5 Orc (2/2) D:9 Elf (0/3) Orc:2 Vaults (0/5) D:13 Depths (0/4) D:15 Sewer (visited) Gauntlet (visited) You are so drained that the power of Zot will kill you!

Altars:
Ashenzari
Dithmenos
Gozag
Hepliaklqana
Kikubaaqudgha
Nemelex Xobeh
Ru
Uskayaw
Vehumet
Jiyva

Shops:
D:2 [   D:6 =   D:8 ?:(([   D:10 *   Orc:2 *[(*==   Snake:1 *[   Snake:2 *

Annotations:
Lair:5 1 runed translucent door


Message History

You slash the five-headed hydra simulacrum!
You melt the five-headed hydra simulacrum!
The five-headed hydra simulacrum vaporises!
Trog accepts your kill.
37320 ||| SWAPPING to +9 war axe "Nytaunt" {spect, Drain rPois rCorr Dex+2}.
Your +0 broad axe of flaming stops flaming.
You feel agile.
You feel a bond with the +9 war axe "Nytaunt" {spect, Drain rPois rCorr Dex+2}.
u - the +9 war axe "Nytaunt" (weapon)
{spect, Drain rPois rCorr Dex+2}
(D) Dungeon (T) Temple (L) Lair (S) Swamp (P) Snake Pit (M) Slime Pits (O) Orcish Mines (E) Elven Halls (V) Vaults (U) Depths
Where to? (* - list waypoints, Enter - Swamp:4, ? - help)
What level of the Swamp? (default 1, ? - help)
You see here a +9 hand axe of flaming.
A five-headed hydra simulacrum comes into view.
37325 ||| Stepping ~*~*~tactically~*~*~ (stealth).
You see here a +9 hand axe of flaming.
(D) Dungeon (T) Temple (L) Lair (S) Swamp (P) Snake Pit (M) Slime Pits (O) Orcish Mines (E) Elven Halls (V) Vaults (U) Depths
Where to? (* - list waypoints, Enter - Swamp:3, ? - help)
What level of the Swamp? (default 1, ? - help) Throw: 23 boomerangs
Press: ? - help, Q - select action Shift-Dir - straight line, f - five-headed hydra simulacrum You throw a boomerang.
The boomerang hits the five-headed hydra simulacrum!!
The five-headed hydra simulacrum is heavily damaged.
37328 ||| SWAPPING to +0 broad axe of flaming.
You feel drained.
Your +0 broad axe of flaming bursts into flame!
p - a +0 broad axe of flaming (weapon)
You hit the five-headed hydra simulacrum but do no damage.
You headbutt the five-headed hydra simulacrum.
The five-headed hydra simulacrum is heavily damaged.
The five-headed hydra simulacrum closely misses you.
You block the five-headed hydra simulacrum's attack.
The five-headed hydra simulacrum bites you.
Ouch! That really hurt!
You die... 7777

77¤~.~ 7~~77 777.....
77~~77777777..7.... #
#~~.....77..77....~
70¤#7#~.~~.....77./7.../
#0.....~~~7777..7.~~...
7.#.#7~~.~~~7 7777.~~¤.~
.. #7~)~~77 7~.~¤.(~ #.
#~@~~77777 7..~7..~ #
77.Z777~~777<..~77.
7~~..777..~.~~..7~.
77~~..777.~7./..7~.
7~~~7....777~...77
7~~~777.~~777~~~.77
7~~77 77.¤~77.~~.:.
77777777..77~.~~.~.
77~~.777....~.7.


You could see a five-headed hydra simulacrum.

Vanquished Creatures
  Mlioglotl (Swamp:2)
  A thorn hunter (Swamp:1)
  A nagaraja (Snake:2)
  A fenstrider witch (Swamp:3)
  An azure jelly (Swamp:4)
  An orc warlord (Orc:2)
  A juggernaut zombie (D:15)
  4 eleionomae
  2 bunyips
  3 dire elephants (Lair:5)
  A minotaur (Gauntlet)
  A fire dragon (D:12)
  A great orb of eyes (D:12)
  A shambling mangrove (Swamp:4)
  An ice dragon (Swamp:4)
  A fenstrider witch zombie (Swamp:4)
  10 hydras
  A boulder beetle (D:15)
  2 vault guards (D:13)
  A catoblepas (Lair:5)
  3 ghost crabs
  10 anacondas
  2 death knights
  4 naga warriors
  4 alligators
  5 centaur warriors
  3 orc high priests (Orc:2)
  6 tengu warriors
  2 shock serpents
  2 naga sharpshooters
  Amaemon (D:11)
  A salamander mystic (Snake:2)
  A sixfirhy (Gauntlet)
  3 skeletal warriors (D:15)
  A spectral death yak (Lair:5)
  A spectral anaconda (Lair:5)
  5 goliath frogs
  A swamp dragon (Swamp:4)
  A flayed ghost (D:15)
  3 spriggan druids
  4 naga ritualists
  6 necromancers
  2 wizards
  2 phantasmal warriors (D:15)
  2 large abominations (Gauntlet)
  3 orc knights
  17 ugly things
  An oklob plant (Lair:2)
  7 deep elf pyromancers
  3 wolf spiders
  7 mana vipers
  5 will-o-the-wisps
  5 orc sorcerers (Orc:2)
  8 cyclopes
  5 salamanders
  A manticore (D:13)
  A moth of wrath (Gauntlet)
  Maurice (D:8)
  12 elephants
  A guardian serpent (Snake:1)
  A torpor snail (Lair:5)
  8 naga magi
  A gargoyle (D:10)
  25 black mambas
  12 cane toads
  An orange demon (D:11)
  Psyche (D:8)
  4 efreet
  A kobold demonologist (D:11)
  3 rime drakes
  A komodo dragon (shapeshifter) (D:14)
  6 freezing wraiths (Swamp:4)
  6 komodo dragons
  2 tengu conjurers (D:15)
  A meliai (shapeshifter) (D:14)
  6 meliai
  A bloated husk (Swamp:4)
  5 tyrant leeches
  A polar bear (Lair:2)
  9 blink frogs
  11 hornets
  Grinder (Sewer)
  3 trolls
  Prince Ribbit (Lair:2)
  A death drake skeleton (Swamp:4)
  A spriggan zombie (D:15)
  12 slime creatures
  2 spectral elephants (Lair:5)
  11 dream sheep (Lair:5)
  An ettin skeleton (D:15)
  9 spriggans
  A ynoxinul (Gauntlet)
  2 shadows
  2 wraiths
  2 vampires
  62 yaks
  A spriggan skeleton (Swamp:4)
  5 wyverns
  21 humans (D:13)
  2 dire elephant simulacra (Lair:5)
  8 basilisks
  A steam dragon (D:8)
  17 vampire mosquitoes
  4 swamp worm simulacra (Swamp:4)
  3 death yak simulacra (Lair:5)
  15 swamp worms
  19 nagas
  2 spectral cane toads (Lair:5)
  4 wargs
  12 water moccasins
  A human zombie (D:15)
  6 hydra simulacra (Swamp:4)
  2 acid dragons
  A swamp drake (Swamp:1)
  A sky beast (D:7)
  2 ice beasts
  21 orc warriors
  2 elephant zombies (Lair:5)
  10 ogres
  21 wolves
  6 centaurs
  A phantom (D:5)
  15 bullfrogs
  4 kobold brigands
  Blork the orc (D:5)
  2 necrophages
  A gnoll sergeant (D:13)
  3 cane toad simulacra (Lair:5)
  3 scorpions
  6 small abominations (Gauntlet)
  12 wights
  5 killer bees (D:8)
  An elephant simulacrum (Lair:5)
  3 howler monkeys
  A quasit (Sewer)
  A jelly (D:6)
  8 orc priests
  A gnoll bouda (D:9)
  2 hounds
  2 iron imps (Gauntlet)
  2 iguanas (D:6)
  14 orc wizards
  6 hell rats (Lair:5)
  7 gnolls
  9 adders
  3 shadow imps
  2 white imps
  8 ufetubi
  4 swamp drake simulacra (Swamp:4)
  A worm (D:3)
  2 dart slugs
  62 orcs
  8 ball pythons
  9 bats
  A bat zombie (Sewer)
  12 endoplasms
  A giant cockroach (Sewer)
  9 goblins
  10 hobgoblins
  2 jackals (D:5)
  4 quokkas
  3 frilled lizards
  31 kobolds
  3 kobold zombies (Sewer)
  2 rats (D:2)
  A withered plant (Lair:5)
880 creatures vanquished.

Vanquished Creatures (collateral kills)
  4 hydras
  An obsidian statue (Lair:5)
  2 orc sorcerers (Orc:2)
7 creatures vanquished.

Vanquished Creatures (others)
  A tentacled monstrosity (Swamp:2)
  An eleionoma (Swamp:3)
  A shambling mangrove (Swamp:4)
  A goliath frog (Swamp:4)
  A will-o-the-wisp (Swamp:4)
  A bloated husk (Swamp:1)
  A swamp drake (Swamp:2)
  A kobold brigand (D:11)
  22 foxfires
  44 fungi
  42 plants
  24 withered plants
140 creatures vanquished.

Grand Total: 1027 creatures vanquished

Notes
Turn   | Place    | Note
-------+----------+-------------------------------------------
     0 | D:1      | qw the Minotaur Berserker began the quest for the Orb.
     0 | D:1      | Reached XP level 1. HP: 19/19 MP: 0/0
     0 | D:1      | 0 ||| qw: Version: 0.1-a-103-gd6f5d3a
     0 | D:1      | 0 ||| qw: Game counter: 5658
     0 | D:1      | 0 ||| qw: Always use a shield: true
     0 | D:1      | 0 ||| qw: Do Orc after D:15 true
     0 | D:1      | 0 ||| qw: Do second Lair branch before Depths: true
     0 | D:1      | 0 ||| qw: Lair rune preference: random
     0 | D:1      | 0 ||| qw: Plans: Normal
     0 | D:1      | 0 ||| PLANNING D:1-11
    18 | D:1      | 18 ||| Stepping ~*~*~tactically~*~*~ (stealth).
    20 | D:1      | 20 ||| Stepping ~*~*~tactically~*~*~ (stealth).
    94 | D:1      | You fall into a shaft and drop 1 floor!
   120 | D:2      | 120 ||| Stepping ~*~*~tactically~*~*~ (hiding).
   151 | D:2      | Reached XP level 2. HP: 17/26 MP: 1/1
   286 | D:2      | 286 ||| READING scroll labelled ENOZAKOMAD.
   318 | D:1      | 318 ||| Stepping ~*~*~tactically~*~*~ (stealth).
   323 | D:1      | 323 ||| Stepping ~*~*~tactically~*~*~ (stealth).
   324 | D:1      | 324 ||| Stepping ~*~*~tactically~*~*~ (stealth).
   422 | D:1      | Found a faded altar of an unknown god.
   433 | D:1      | Reached XP level 3. HP: 31/31 MP: 2/2
   884 | D:1      | 884 ||| UPGRADING to +0 leather armour.
   894 | D:1      | 894 ||| DROPPING +0 animal skin.
   895 | D:1      | 895 ||| READING 3 scrolls labelled NAYGRA YCAUM.
   896 | D:1      | 896 ||| READING scroll labelled IRHIMUMICU.
   897 | D:1      | 897 ||| READING 2 scrolls of identify.
   897 | D:1      | 897 ||| IDENTIFYING bubbling silvery potion
   898 | D:1      | 898 ||| Stepping randomly (stuck).
   899 | D:1      | 899 ||| Stepping ~*~*~tactically~*~*~ (cloud).
   903 | D:1      | HP: 7/31 [poisoned by you (poison gas)]
  1219 | D:2      | 1219 ||| Stepping ~*~*~tactically~*~*~ (stealth).
  1247 | D:2      | Reached ** piety under Trog
  1319 | D:2      | 1319 ||| Stepping ~*~*~tactically~*~*~ (stealth).
  1325 | D:2      | 1325 ||| Stepping ~*~*~tactically~*~*~ (stealth).
  1479 | D:2      | Found Nusi Oluck's Armour Shop.
  1499 | D:2      | 1499 ||| BUYING +0 pair of boots (49 gold).
  1499 | D:2      | Bought a +0 pair of boots for 49 gold pieces
  1499 | D:2      | 1499 ||| SHOPLISTING +0 pair of gloves of infusion (126
                  | gold, have 16).
  1499 | D:2      | 1499 ||| SHOPLISTING +0 scale mail (44 gold, have 16).
  1499 | D:2      | 1499 ||| SHOPLISTING +1 robe of Vexation {Regen+ rCorr}
                  | (201 gold, have 16).
  1499 | D:2      | 1499 ||| SHOPLISTING +2 hat (176 gold, have 16).
  1499 | D:2      | 1499 ||| SHOPLISTING +2 leather armour of willpower (209
                  | gold, have 16).
  1499 | D:2      | 1499 ||| SHOPLISTING +2 ring mail of poison resistance (198
                  | gold, have 16).
  1499 | D:2      | 1499 ||| SHOPLISTING +3 ring mail of cold resistance (286
                  | gold, have 16).
  1580 | D:2      | Reached XP level 4. HP: 39/39 MP: 3/3
  1611 | D:2      | 1611 ||| UPGRADING to +0 pair of boots.
  1616 | D:2      | 1616 ||| DRINKING 2 white potions.
  1617 | D:2      | 1617 ||| READING 2 scrolls of identify.
  1617 | D:2      | 1617 ||| IDENTIFYING orange potion
  1618 | D:2      | 1618 ||| DROPPING potion of brilliance.
  1646 | D:3      | Reached skill level 6 in Axes
  1802 | D:3      | 1802 ||| Stepping ~*~*~tactically~*~*~ (stealth).
  1957 | D:3      | 1957 ||| Stepping ~*~*~tactically~*~*~ (stealth).
  2120 | D:3      | 2120 ||| INVOKING Berserk.
  2672 | D:3      | 2672 ||| UPGRADING to +0 plate armour.
  2682 | D:3      | 2682 ||| DROPPING +0 leather armour.
  2683 | D:3      | 2683 ||| UPGRADING to ring of willpower.
  2684 | D:3      | 2684 ||| READING 2 scrolls labelled DUDIUF LUPTUH.
  2685 | D:3      | 2685 ||| READING scroll labelled PEHOFIGGANK.
  2686 | D:3      | 2686 ||| READING scroll labelled WIBERGH USOO.
  2687 | D:3      | 2687 ||| READING scroll labelled UWILYQ WIAPN.
  2688 | D:3      | 2688 ||| DRINKING 3 fuming puce potions.
  2689 | D:3      | 2689 ||| READING 2 scrolls of identify.
  2689 | D:3      | 2689 ||| IDENTIFYING viscous coppery potion
  2690 | D:3      | 2690 ||| DROPPING scroll of noise.
  2691 | D:3      | 2691 ||| DROPPING potion of invisibility.
  2737 | D:4      | 2737 ||| READING scroll of enchant weapon.
  2737 | D:4      | 2737 ||| ENCHANTING +1 hand axe.
  2746 | D:4      | Found a broken altar of Ashenzari.
  2747 | D:4      | Found a radiant altar of Vehumet.
  2774 | D:4      | Found an ancient bone altar of Kikubaaqudgha.
  2844 | D:4      | 2844 ||| Stepping ~*~*~tactically~*~*~ (stealth).
  2845 | D:4      | 2845 ||| Stepping ~*~*~tactically~*~*~ (stealth).
  2849 | D:4      | 2849 ||| Stepping ~*~*~tactically~*~*~ (stealth).
  2850 | D:4      | 2850 ||| Stepping ~*~*~tactically~*~*~ (stealth).
  2861 | D:4      | Reached XP level 5. HP: 45/45 MP: 4/4
  2883 | D:4      | Reached *** piety under Trog
  3258 | D:4      | 3258 ||| READING scroll labelled YMIORA CEAV.
  3259 | D:4      | 3259 ||| DRINKING 2 amethyst potions.
  3290 | D:5      | Entered Level 5 of the Dungeon
  3293 | D:5      | Noticed an ogre
  3296 | D:5      | 3296 ||| INVOKING Berserk.
  3298 | D:5      | Killed an ogre
  3299 | D:5      | Reached XP level 6. HP: 51/51 MP: 5/5
  3329 | D:5      | 3329 ||| Stepping ~*~*~tactically~*~*~ (stealth).
  3478 | D:5      | Noticed Blork the orc
  3482 | D:5      | 3482 ||| INVOKING Berserk.
  3486 | D:5      | Killed Blork the orc
  3674 | D:5      | 3674 ||| Stepping ~*~*~tactically~*~*~ (stealth).
  3852 | D:5      | 3852 ||| READING scroll of enchant weapon.
  3852 | D:5      | 3852 ||| ENCHANTING +2 hand axe.
  3874 | D:5      | 3874 ||| INVOKING Berserk.
  4046 | D:5      | Found a hazy altar of Hepliaklqana.
  4085 | D:5      | Reached XP level 7. HP: 54/60 MP: 6/6
  4085 | D:5      | 4085 ||| FLEEEEING.
  4086 | D:5      | 4086 ||| FLEEEEING.
  4292 | D:5      | 4292 ||| Stepping ~*~*~tactically~*~*~ (stealth).
  4294 | D:5      | 4294 ||| Stepping ~*~*~tactically~*~*~ (hiding).
  4295 | D:5      | 4295 ||| Stepping ~*~*~tactically~*~*~ (hiding).
  4410 | D:5      | 4410 ||| UPGRADING to +0 cloak.
  4466 | D:6      | 4466 ||| PLANNING SEWER
  4664 | D:6      | Reached skill level 9 in Axes
  4927 | D:6      | Noticed a wraith
  4932 | D:6      | Killed a wraith
  4933 | D:6      | Reached XP level 8. HP: 60/69 MP: 7/7
  5041 | D:6      | Found a glowing drain.
  5042 | D:6      | 5042 ||| READING scroll labelled POONWIV IMMATZ.
  5043 | D:6      | 5043 ||| DRINKING 2 cyan potions.
  5044 | D:6      | 5044 ||| READING 2 scrolls of identify.
  5044 | D:6      | 5044 ||| IDENTIFYING puce potion
  5045 | D:6      | 5045 ||| DROPPING potion of berserk rage.
  5046 | D:6      | 5046 ||| DROPPING potion of flight.
  5056 | Sewer    | Entered a sewer
  5075 | Sewer    | 5075 ||| Stepping ~*~*~tactically~*~*~ (stealth).
  5104 | Sewer    | Reached **** piety under Trog
  5197 | Sewer    | Found a burning altar of Makhleb.
  5310 | Sewer    | Reached skill level 6 in Fighting
  5340 | Sewer    | 5340 ||| READING scroll of enchant armour.
  5340 | Sewer    | 5340 ||| ENCHANTING +0 pair of boots.
  5354 | Sewer    | Noticed Grinder
  5355 | Sewer    | 5355 ||| Stepping ~*~*~tactically~*~*~ (hiding).
  5358 | Sewer    | 5358 ||| INVOKING Trog's Hand.
  5360 | Sewer    | 5360 ||| INVOKING Berserk.
  5364 | Sewer    | Killed Grinder
  5546 | Sewer    | 5546 ||| READING scroll labelled ZEOJ XEJ LOHU.
  5708 | Sewer    | 5708 ||| DRINKING 2 viscous pink potions.
  5709 | Sewer    | 5709 ||| DRINKING 3 black potions.
  5710 | Sewer    | 5710 ||| DRINKING 2 sedimented coppery potions.
  5711 | Sewer    | 5711 ||| DROPPING 2 potions of magic.
  5736 | D:6      | 5736 ||| PLANNING D:1-11
  5797 | D:6      | Found Cydom's Jewellery Boutique.
  5809 | D:6      | 5809 ||| SHOPLISTING amulet of Zeemnuf {RegenMP Harm SInv}
                  | (453 gold, have 316).
  5809 | D:6      | 5809 ||| SHOPLISTING amulet of guardian spirit (330 gold,
                  | have 316).
  5809 | D:6      | 5809 ||| SHOPLISTING amulet of reflection (330 gold, have
                  | 316).
  5809 | D:6      | 5809 ||| SHOPLISTING ring of Tuug Lai {rElec AC+4 Int+2}
                  | (596 gold, have 316).
  5809 | D:6      | 5809 ||| BUYING ring of fire (275 gold).
  5809 | D:6      | Bought a ring of fire for 275 gold pieces
  5809 | D:6      | 5809 ||| SHOPLISTING ring of willpower (275 gold, have 41).
  5853 | D:6      | Found a sacrificial altar of Ru.
  6019 | D:7      | Found a staircase to the Ecumenical Temple.
  6062 | D:7      | 6062 ||| INVOKING Berserk.
  6164 | D:7      | 6164 ||| Stepping ~*~*~tactically~*~*~ (stealth).
  6344 | D:7      | Found the +5 scythe "Finisher" {speed, eviscerate}
  6349 | D:7      | 6349 ||| Stepping ~*~*~tactically~*~*~ (stealth).
  6354 | D:7      | 6354 ||| Stepping ~*~*~tactically~*~*~ (stealth).
  6358 | D:7      | Reached skill level 12 in Axes
  6388 | D:7      | Reached XP level 9. HP: 75/75 MP: 8/8
  6396 | D:7      | Identified the ring of Muwoumerph {rC+ Dex+5}
  6433 | D:7      | Reached skill level 6 in Armour
  7015 | D:7      | 7015 ||| UPGRADING to ring of see invisible.
  7016 | D:7      | 7016 ||| UPGRADING to ring of Muwoumerph {rC+ Dex+5}.
  7018 | D:7      | 7018 ||| READING scroll labelled VUAGRO KYXZIVI.
  7019 | D:7      | 7019 ||| READING 3 scrolls of identify.
  7019 | D:7      | 7019 ||| IDENTIFYING grey potion
  7020 | D:7      | 7020 ||| DROPPING potion of degeneration.
  7049 | D:8      | Noticed Psyche
  7052 | D:8      | 7052 ||| INVOKING Berserk.
  7055 | D:8      | Killed Psyche
  7202 | D:8      | Found Roll's Antique Armour Shop.
  7211 | D:8      | 7211 ||| SHOPLISTING glowing acid dragon scales (1032 gold,
                  | have 122).
  7211 | D:8      | 7211 ||| SHOPLISTING glowing scarf (192 gold, have 122).
  7211 | D:8      | 7211 ||| SHOPLISTING runed chain mail (180 gold, have 122).
  7211 | D:8      | 7211 ||| SHOPLISTING runed orb (288 gold, have 122).
  7309 | D:8      | Found Jamosek's Magic Scroll Emporium.
  7332 | D:8      | 7332 ||| Stepping ~*~*~tactically~*~*~ (stealth).
  7337 | D:8      | 7337 ||| Stepping ~*~*~tactically~*~*~ (stealth).
  7352 | D:8      | Reached skill level 3 in Throwing
  7352 | D:8      | 7352 ||| INVOKING Berserk.
  7582 | D:8      | 7582 ||| BUYING scroll of enchant weapon (97 gold).
  7582 | D:8      | Bought a scroll of enchant weapon for 97 gold pieces
  7582 | D:8      | 7582 ||| SHOPLISTING scroll of enchant weapon (97 gold,
                  | have 25).
  7582 | D:8      | 7582 ||| SHOPLISTING scroll of identify (26 gold, have 25).
  7582 | D:8      | 7582 ||| SHOPLISTING scroll of teleportation (39 gold, have
                  | 25).
  7582 | D:8      | 7582 ||| READING scroll of enchant weapon.
  7582 | D:8      | 7582 ||| ENCHANTING +3 hand axe.
  7637 | D:8      | 7637 ||| Stepping ~*~*~tactically~*~*~ (hiding).
  7647 | D:8      | 7647 ||| Stepping ~*~*~tactically~*~*~ (hiding).
  7652 | D:8      | 7652 ||| INVOKING Berserk.
  7658 | D:8      | Reached XP level 10. HP: 88/88 MP: 9/9
  7800 | D:8      | Found Riczuadaen's Weapon Shop.
  7804 | D:8      | Found Zofuq Wuedgh's Weapon Emporium.
  7808 | D:8      | 7808 ||| SHOPLISTING +4 morningstar of draining (292 gold,
                  | have 60).
  7818 | D:8      | 7818 ||| FLEEEEING.
  7819 | D:8      | 7819 ||| FLEEEEING.
  7820 | D:8      | 7820 ||| FLEEEEING.
  7821 | D:8      | 7821 ||| FLEEEEING.
  7822 | D:8      | 7822 ||| FLEEEEING.
  7823 | D:8      | 7823 ||| FLEEEEING.
  7824 | D:8      | 7824 ||| FLEEEEING.
  7825 | D:8      | 7825 ||| FLEEEEING.
  7830 | D:8      | 7830 ||| FLEEEEING.
  7831 | D:8      | 7831 ||| FLEEEEING.
  7832 | D:8      | 7832 ||| FLEEEEING.
  7833 | D:8      | 7833 ||| FLEEEEING.
  7834 | D:8      | 7834 ||| FLEEEEING.
  7835 | D:8      | 7835 ||| FLEEEEING.
  7836 | D:8      | 7836 ||| FLEEEEING.
  7839 | D:8      | 7839 ||| STAIRDANCE
  7934 | D:7      | 7934 ||| UPGRADING to +0 pair of gloves.
  7939 | D:7      | 7939 ||| UPGRADING to +0 buckler.
  7944 | D:7      | 7944 ||| READING scroll labelled URI ASIPSI.
  7944 | D:7      | Identified a scroll of acquirement
  7944 | D:7      | 7944 ||| ACQUIRING +9 war axe "Nytaunt" {spect, Drain rPois
                  | rCorr Dex+2}
  7944 | D:7      | Acquired the +9 war axe "Nytaunt" {spect, Drain rPois rCorr
                  | Dex+2}
  7946 | D:7      | 7946 ||| SWAPPING to +9 war axe "Nytaunt" {spect, Drain
                  | rPois rCorr Dex+2}.
  7947 | D:7      | 7947 ||| DROPPING +4 hand axe.
  7957 | D:8      | Reached skill level 1 in Shields
  8087 | D:8      | Found Nyteil's Book Shoppe.
  8098 | D:8      | 8098 ||| DROPPING +0 flail.
  8110 | D:8      | 8110 ||| Stepping ~*~*~tactically~*~*~ (hiding).
  8135 | D:8      | 8135 ||| Stepping ~*~*~tactically~*~*~ (stealth).
  8137 | D:8      | 8137 ||| Stepping ~*~*~tactically~*~*~ (stealth).
  8140 | D:8      | Reached skill level 3 in Shields
  8195 | D:8      | Noticed Maurice
  8196 | D:8      | 8196 ||| Stepping ~*~*~tactically~*~*~ (hiding).
  8204 | D:8      | Killed Maurice
  8378 | D:8      | 8378 ||| DROPPING orb of mayhem.
  8379 | D:8      | 8379 ||| Stepping randomly (stuck).
  8380 | D:8      | 8380 ||| Stepping randomly (stuck).
  8381 | D:8      | 8381 ||| Stepping randomly (stuck).
  8382 | D:8      | 8382 ||| Stepping randomly (stuck).
  8384 | D:8      | 8384 ||| Stepping randomly (stuck).
  8386 | D:8      | 8386 ||| Stepping randomly (stuck).
  8387 | D:8      | 8387 ||| Stepping randomly (stuck).
  8388 | D:8      | 8388 ||| Stepping randomly (stuck).
  8390 | D:8      | 8390 ||| Stepping randomly (stuck).
  8391 | D:8      | 8391 ||| Stepping randomly (stuck).
  8394 | D:8      | 8394 ||| Stepping randomly (stuck).
  8396 | D:8      | 8396 ||| Stepping randomly (stuck).
  8499 | D:8      | 8499 ||| FLEEEEING.
  8500 | D:8      | 8500 ||| FLEEEEING.
  8501 | D:8      | 8501 ||| FLEEEEING.
  8502 | D:8      | 8502 ||| FLEEEEING.
  8503 | D:8      | 8503 ||| FLEEEEING.
  8901 | D:9      | Found a shadowy altar of Dithmenos.
  8993 | D:9      | 8993 ||| Stepping ~*~*~tactically~*~*~ (stealth).
  8995 | D:9      | 8995 ||| INVOKING Berserk.
  9122 | D:9      | 9122 ||| Stepping ~*~*~tactically~*~*~ (hiding).
  9161 | D:9      | 9161 ||| INVOKING Berserk.
  9285 | D:9      | 9285 ||| Stepping ~*~*~tactically~*~*~ (hiding).
  9297 | D:9      | Found a staircase to the Orcish Mines.
  9303 | D:9      | 9303 ||| Stepping ~*~*~tactically~*~*~ (hiding).
  9304 | D:9      | Reached ***** piety under Trog
  9306 | D:9      | 9306 ||| Stepping ~*~*~tactically~*~*~ (stealth).
  9308 | D:9      | 9308 ||| Stepping ~*~*~tactically~*~*~ (hiding).
  9312 | D:9      | 9312 ||| INVOKING Berserk.
  9323 | D:9      | 9323 ||| INVOKING Brothers in Arms.
  9713 | D:9      | 9713 ||| READING scroll labelled MIXTUA UCRIO.
  9714 | D:9      | 9714 ||| READING 8 scrolls of identify.
  9714 | D:9      | 9714 ||| IDENTIFYING viscous yellow potion
  9715 | D:9      | 9715 ||| DROPPING potion of lignification.
  9754 | D:8      | 9754 ||| Stepping randomly (stuck).
  9960 | D:8      | 9960 ||| Stepping randomly (stuck).
  9988 | D:10     | Entered Level 10 of the Dungeon
  9989 | D:10     | 9989 ||| STAIRDANCE
  9995 | D:10     | 9995 ||| STAIRDANCE
 10055 | D:10     | Noticed a gargoyle
 10057 | D:10     | Killed a gargoyle
 10146 | D:10     | Found a staircase to the Lair.
 10167 | D:10     | 10167 ||| INVOKING Berserk.
 10315 | D:10     | Found Ybivic's Neck Hole.
 10324 | D:10     | 10324 ||| SHOPLISTING amulet of reflection (450 gold, have
                  | 224).
 10324 | D:10     | 10324 ||| SHOPLISTING amulet of regeneration (450 gold,
                  | have 224).
 10346 | D:10     | 10346 ||| INVOKING Berserk.
 10350 | D:10     | Reached skill level 15 in Axes
 10526 | D:10     | Found a sparkling altar of Nemelex Xobeh.
 10830 | D:10     | Reached skill level 9 in Fighting
 10947 | D:10     | Found a hide-covered altar of Uskayaw.
 11153 | D:10     | Reached XP level 11. HP: 97/97 MP: 10/10
 11364 | D:10     | 11364 ||| PLANNING LAIR
 11364 | D:10     | 11364 ||| READING scroll labelled UMYG LONGIAST.
 11368 | D:10     | 11368 ||| READING 7 scrolls of identify.
 11368 | D:10     | 11368 ||| IDENTIFYING inky potion
 11369 | D:10     | 11369 ||| DROPPING potion of ambrosia.
 11427 | Lair:1   | Entered Level 1 of the Lair of Beasts
 11445 | Lair:1   | Noticed a five-headed hydra
 11446 | Lair:1   | 11446 ||| INVOKING Brothers in Arms.
 11448 | Lair:1   | 11448 ||| SWAPPING to +0 flail of protection.
 11449 | Lair:1   | 11449 ||| INVOKING Berserk.
 11451 | Lair:1   | Killed a five-headed hydra
 11490 | Lair:1   | 11490 ||| SWAPPING to +9 war axe "Nytaunt" {spect, Drain
                  | rPois rCorr Dex+2}.
 11607 | Lair:1   | 11607 ||| INVOKING Berserk.
 11728 | Lair:1   | 11728 ||| DRINKING potion of cancellation.
 11848 | Lair:1   | 11848 ||| Stepping ~*~*~tactically~*~*~ (stealth).
 11851 | Lair:1   | 11851 ||| INVOKING Berserk.
 11854 | Lair:1   | Reached skill level 9 in Armour
 12061 | Lair:1   | 12061 ||| INVOKING Berserk.
 12064 | Lair:1   | Reached skill level 6 in Shields
 12075 | Lair:1   | 12075 ||| Stepping ~*~*~tactically~*~*~ (stealth).
 12078 | Lair:1   | 12078 ||| Stepping ~*~*~tactically~*~*~ (stealth).
 12260 | Lair:1   | 12260 ||| INVOKING Berserk.
 12490 | Lair:1   | Noticed a wolf spider
 12495 | Lair:1   | 12495 ||| INVOKING Berserk.
 12499 | Lair:1   | Killed a wolf spider
 12610 | Lair:1   | Noticed a wolf spider
 12613 | Lair:1   | 12613 ||| INVOKING Berserk.
 12614 | Lair:1   | Killed a wolf spider
 12860 | Lair:1   | 12860 ||| UPGRADING to +1 pair of gloves.
 12870 | Lair:1   | 12870 ||| DROPPING +0 pair of gloves.
 12912 | Lair:2   | 12912 ||| Stepping ~*~*~tactically~*~*~ (stealth).
 12913 | Lair:2   | Noticed Prince Ribbit
 12914 | Lair:2   | 12914 ||| INVOKING Berserk.
 12929 | Lair:2   | Killed Prince Ribbit
 12940 | Lair:2   | Reached XP level 12. HP: 56/110 MP: 11/11
 13269 | Lair:2   | 13269 ||| INVOKING Berserk.
 13274 | Lair:2   | Reached skill level 6 in Dodging
 13429 | Lair:2   | 13429 ||| INVOKING Berserk.
 13760 | Lair:2   | 13760 ||| INVOKING Berserk.
 13833 | Lair:2   | 13833 ||| Stepping ~*~*~tactically~*~*~ (stealth).
 13979 | Lair:2   | 13979 ||| INVOKING Berserk.
 14121 | Lair:2   | Noticed a seven-headed hydra
 14122 | Lair:2   | 14122 ||| INVOKING Brothers in Arms.
 14125 | Lair:2   | 14125 ||| SWAPPING to +0 flail of protection.
 14126 | Lair:2   | Noticed a four-headed hydra
 14127 | Lair:2   | 14127 ||| Stepping ~*~*~tactically~*~*~ (stealth).
 14128 | Lair:2   | 14128 ||| Stepping ~*~*~tactically~*~*~ (stealth).
 14129 | Lair:2   | 14129 ||| Stepping ~*~*~tactically~*~*~ (stealth).
 14130 | Lair:2   | 14130 ||| INVOKING Berserk.
 14132 | Lair:2   | Killed a seven-headed hydra
 14222 | Lair:2   | 14222 ||| SWAPPING to +9 war axe "Nytaunt" {spect, Drain
                  | rPois rCorr Dex+2}.
 14268 | Lair:2   | Found a staircase to the Swamp.
 14324 | Lair:2   | 14324 ||| Stepping ~*~*~tactically~*~*~ (stealth).
 14327 | Lair:2   | 14327 ||| Stepping ~*~*~tactically~*~*~ (hiding).
 14329 | Lair:2   | 14329 ||| INVOKING Berserk.
 14362 | Lair:2   | Reached skill level 12 in Fighting
 14426 | Lair:2   | 14426 ||| INVOKING Berserk.
 14443 | Lair:2   | 14443 ||| Stepping ~*~*~tactically~*~*~ (stealth).
 14447 | Lair:2   | 14447 ||| SWAPPING to +0 flail of protection.
 14453 | Lair:2   | Killed a four-headed hydra
 14454 | Lair:2   | 14454 ||| SWAPPING to +9 war axe "Nytaunt" {spect, Drain
                  | rPois rCorr Dex+2}.
 14558 | Lair:2   | 14558 ||| INVOKING Berserk.
 14827 | Lair:3   | 14827 ||| FLEEEEING.
 14828 | Lair:3   | 14828 ||| FLEEEEING.
 15003 | Lair:3   | 15003 ||| Stepping ~*~*~tactically~*~*~ (stealth).
 15004 | Lair:3   | 15004 ||| Stepping ~*~*~tactically~*~*~ (stealth).
 15189 | Lair:3   | Reached skill level 12 in Armour
 15258 | Lair:3   | Found a staircase to the Snake Pit.
 15501 | Lair:4   | 15501 ||| Stepping ~*~*~tactically~*~*~ (stealth).
 15718 | Lair:4   | Noticed a six-headed hydra
 15719 | Lair:4   | 15719 ||| INVOKING Brothers in Arms.
 15720 | Lair:4   | 15720 ||| INVOKING Brothers in Arms.
 15721 | Lair:4   | 15721 ||| INVOKING Brothers in Arms.
 15722 | Lair:4   | 15722 ||| SWAPPING to +0 flail of protection.
 15723 | Lair:4   | 15723 ||| INVOKING Berserk.
 15725 | Lair:4   | Killed a six-headed hydra
 15756 | Lair:4   | 15756 ||| SWAPPING to +9 war axe "Nytaunt" {spect, Drain
                  | rPois rCorr Dex+2}.
 16093 | Lair:4   | 16093 ||| Stepping ~*~*~tactically~*~*~ (stealth).
 16109 | Lair:4   | Noticed a seven-headed hydra
 16110 | Lair:4   | 16110 ||| INVOKING Brothers in Arms.
 16111 | Lair:4   | 16111 ||| INVOKING Brothers in Arms.
 16112 | Lair:4   | 16112 ||| SWAPPING to +0 flail of protection.
 16113 | Lair:4   | 16113 ||| INVOKING Berserk.
 16116 | Lair:4   | Killed a seven-headed hydra
 16117 | Lair:4   | Reached skill level 9 in Shields
 16117 | Lair:4   | Reached XP level 13. HP: 88/88 MP: 12/12
 16160 | Lair:4   | 16160 ||| SWAPPING to +9 war axe "Nytaunt" {spect, Drain
                  | rPois rCorr Dex+2}.
 16496 | Lair:4   | 16496 ||| READING scroll labelled SAORHUSUNG.
 16608 | Lair:5   | Entered Level 5 of the Lair of Beasts
 16611 | Lair:5   | 16611 ||| STAIRDANCE
 16629 | Lair:5   | 16629 ||| STAIRDANCE
 16745 | Lair:5   | 16745 ||| Stepping ~*~*~tactically~*~*~ (stealth).
 16748 | Lair:5   | 16748 ||| Stepping ~*~*~tactically~*~*~ (stealth).
 16758 | Lair:5   | 16758 ||| FLEEEEING.
 16759 | Lair:5   | 16759 ||| STAIRDANCE
 16885 | Lair:5   | 16885 ||| INVOKING Brothers in Arms.
 16886 | Lair:5   | 16886 ||| INVOKING Brothers in Arms.
 16887 | Lair:5   | 16887 ||| INVOKING Brothers in Arms.
 16888 | Lair:5   | 16888 ||| SWAPPING to +0 flail of protection.
 16889 | Lair:5   | 16889 ||| INVOKING Berserk.
 16940 | Lair:5   | 16940 ||| SWAPPING to +9 war axe "Nytaunt" {spect, Drain
                  | rPois rCorr Dex+2}.
 16953 | Lair:5   | 16953 ||| Stepping ~*~*~tactically~*~*~ (hiding).
 17055 | Lair:5   | 17055 ||| Stepping ~*~*~tactically~*~*~ (stealth).
 17061 | Lair:5   | 17061 ||| Stepping ~*~*~tactically~*~*~ (hiding).
 17063 | Lair:5   | 17063 ||| INVOKING Berserk.
 17205 | Lair:5   | 17205 ||| INVOKING Berserk.
 17233 | Lair:5   | 17233 ||| FLEEEEING.
 17234 | Lair:5   | 17234 ||| FLEEEEING.
 17235 | Lair:5   | 17235 ||| FLEEEEING.
 17239 | Lair:5   | 17239 ||| STAIRDANCE
 17319 | Lair:5   | 17319 ||| Stepping ~*~*~tactically~*~*~ (stealth).
 17338 | Lair:5   | 17338 ||| Stepping ~*~*~tactically~*~*~ (stealth).
 17354 | Lair:5   | 17354 ||| FLEEEEING.
 17355 | Lair:5   | 17355 ||| FLEEEEING.
 17356 | Lair:5   | 17356 ||| FLEEEEING.
 17357 | Lair:5   | 17357 ||| FLEEEEING.
 17358 | Lair:5   | 17358 ||| FLEEEEING.
 17359 | Lair:5   | 17359 ||| FLEEEEING.
 17360 | Lair:5   | 17360 ||| FLEEEEING.
 17361 | Lair:5   | 17361 ||| FLEEEEING.
 17362 | Lair:5   | 17362 ||| STAIRDANCE
 17495 | Lair:5   | 17495 ||| Stepping ~*~*~tactically~*~*~ (stealth).
 17496 | Lair:5   | 17496 ||| Stepping ~*~*~tactically~*~*~ (stealth).
 17504 | Lair:5   | 17504 ||| FLEEEEING.
 17505 | Lair:5   | 17505 ||| FLEEEEING.
 17506 | Lair:5   | 17506 ||| FLEEEEING.
 17507 | Lair:5   | 17507 ||| FLEEEEING.
 17508 | Lair:5   | 17508 ||| FLEEEEING.
 17509 | Lair:5   | 17509 ||| FLEEEEING.
 17514 | Lair:5   | 17514 ||| INVOKING Brothers in Arms.
 17515 | Lair:5   | 17515 ||| INVOKING Berserk.
 17585 | Lair:5   | 17585 ||| FLEEEEING.
 17586 | Lair:5   | 17586 ||| FLEEEEING.
 17591 | Lair:5   | 17591 ||| STAIRDANCE
 17795 | Lair:5   | Noticed a dire elephant
 17795 | Lair:5   | Noticed a dire elephant
 17795 | Lair:5   | Noticed a dire elephant
 17954 | Lair:5   | 17954 ||| Stepping ~*~*~tactically~*~*~ (stealth).
 17984 | Lair:5   | 17984 ||| INVOKING Berserk.
 18199 | Lair:5   | Found a runed translucent door.
 18206 | Lair:5   | Found a viscous altar of Jiyva.
 18206 | Lair:5   | Found a staircase to the Slime Pits.
 18206 | Lair:5   | Noticed an azure jelly
 18206 | Lair:5   | Noticed an azure jelly
 18247 | Lair:5   | 18247 ||| Stepping ~*~*~tactically~*~*~ (stealth).
 18262 | Lair:5   | Reached skill level 15 in Fighting
 18262 | Lair:5   | 18262 ||| INVOKING Berserk.
 18531 | Lair:5   | Identified the +3 leather armour of Sif Muna's Displeasure
                  | {Rampage +Blink Dex+4}
 18582 | Lair:5   | 18582 ||| Stepping ~*~*~tactically~*~*~ (stealth).
 18586 | Lair:5   | 18586 ||| FLEEEEING.
 18587 | Lair:5   | 18587 ||| FLEEEEING.
 18588 | Lair:5   | 18588 ||| FLEEEEING.
 18589 | Lair:5   | 18589 ||| FLEEEEING.
 18590 | Lair:5   | 18590 ||| FLEEEEING.
 18591 | Lair:5   | 18591 ||| FLEEEEING.
 18592 | Lair:5   | 18592 ||| FLEEEEING.
 18593 | Lair:5   | 18593 ||| FLEEEEING.
 18594 | Lair:5   | 18594 ||| FLEEEEING.
 18595 | Lair:5   | 18595 ||| FLEEEEING.
 18596 | Lair:5   | 18596 ||| FLEEEEING.
 18597 | Lair:5   | 18597 ||| FLEEEEING.
 18598 | Lair:5   | 18598 ||| FLEEEEING.
 18599 | Lair:5   | 18599 ||| FLEEEEING.
 18600 | Lair:5   | 18600 ||| FLEEEEING.
 18601 | Lair:5   | 18601 ||| FLEEEEING.
 18602 | Lair:5   | 18602 ||| FLEEEEING.
 18603 | Lair:5   | 18603 ||| FLEEEEING.
 18604 | Lair:5   | 18604 ||| FLEEEEING.
 18737 | Lair:5   | 18737 ||| INVOKING Brothers in Arms.
 18752 | Lair:5   | Gained mutation: Your magical capacity is low. (-10% MP) [a
                  | neqoxec]
 18763 | Lair:5   | 18763 ||| DROPPING +0 flail of protection.
 18803 | Lair:5   | 18803 ||| INVOKING Berserk.
 18811 | Lair:5   | Killed a dire elephant
 18814 | Lair:5   | Killed a dire elephant
 18815 | Lair:5   | Reached skill level 9 in Dodging
 18818 | Lair:5   | Killed a dire elephant
 19028 | Lair:5   | 19028 ||| READING scroll of acquirement.
 19028 | Lair:5   | 19028 ||| ACQUIRING +0 broad axe of flaming
 19028 | Lair:5   | Acquired a +0 broad axe of flaming
 19030 | Lair:5   | 19030 ||| DROPPING +0 demon whip of draining.
 19062 | Lair:5   | 19062 ||| READING 2 scrolls of teleportation.
 19091 | Lair:5   | 19091 ||| READING scroll of teleportation.
 19142 | Lair:5   | 19142 ||| Stepping randomly (stuck).
 19143 | Lair:5   | 19143 ||| Stepping randomly (stuck).
 19144 | Lair:5   | 19144 ||| Stepping randomly (stuck).
 19158 | Lair:5   | Reached XP level 14. HP: 135/135 MP: 11/11
 19251 | Lair:5   | 19251 ||| Stepping ~*~*~tactically~*~*~ (hiding).
 19252 | Lair:5   | 19252 ||| Stepping ~*~*~tactically~*~*~ (hiding).
 19282 | Lair:5   | 19282 ||| Stepping ~*~*~tactically~*~*~ (stealth).
 19284 | Lair:5   | 19284 ||| Stepping ~*~*~tactically~*~*~ (stealth).
 19353 | Lair:5   | 19353 ||| PLANNING D:1-11
 19516 | D:11     | 19516 ||| READING scroll of acquirement.
 19516 | D:11     | 19516 ||| ACQUIRING +2 kite shield of reflection
 19516 | D:11     | Acquired a +2 kite shield of reflection
 19518 | D:11     | 19518 ||| UPGRADING to +2 kite shield of reflection.
 19528 | D:11     | 19528 ||| DROPPING +0 buckler.
 19552 | D:11     | 19552 ||| READING scroll of enchant armour.
 19552 | D:11     | 19552 ||| ENCHANTING +1 pair of gloves.
 19565 | D:11     | Noticed Amaemon
 19566 | D:11     | 19566 ||| Stepping ~*~*~tactically~*~*~ (hiding).
 19571 | D:11     | Killed Amaemon
 19656 | D:11     | 19656 ||| Stepping ~*~*~tactically~*~*~ (stealth).
 19660 | D:11     | 19660 ||| Stepping ~*~*~tactically~*~*~ (stealth).
 19904 | D:11     | 19904 ||| INVOKING Brothers in Arms.
 19905 | D:11     | 19905 ||| SWAPPING to +0 broad axe of flaming.
 19906 | D:11     | 19906 ||| INVOKING Berserk.
 19994 | D:11     | 19994 ||| SWAPPING to +9 war axe "Nytaunt" {spect, Drain
                  | rPois rCorr Dex+2}.
 20258 | D:11     | 20258 ||| PLANNING D
 20283 | D:12     | Found a gate leading to a gauntlet.
 20284 | D:12     | 20284 ||| PLANNING GAUNTLET
 20287 | Gauntlet | Entered a Gauntlet
 20287 | Gauntlet | Found a transporter.
 20297 | Gauntlet | Found a transporter.
 20299 | Gauntlet | Found a transporter.
 20300 | Gauntlet | Found a transporter.
 20308 | Gauntlet | Found a transporter.
 20311 | Gauntlet | Found a transporter.
 20312 | Gauntlet | Found a transporter.
 20316 | Gauntlet | Found a runed translucent door.
 20321 | Gauntlet | Found a transporter.
 20324 | Gauntlet | Found a transporter.
 20325 | Gauntlet | Found a transporter.
 20336 | Gauntlet | Found a transporter.
 20336 | Gauntlet | Found a transporter.
 20337 | Gauntlet | Found a transporter.
 20346 | Gauntlet | Found a transporter.
 20385 | Gauntlet | Found a runed translucent door.
 20515 | Gauntlet | 20515 ||| INVOKING Trog's Hand.
 20538 | Gauntlet | 20538 ||| INVOKING Berserk.
 20835 | Gauntlet | 20835 ||| INVOKING Berserk.
 21118 | Gauntlet | 21118 ||| DROPPING ring of fire.
 21119 | Gauntlet | 21119 ||| DROPPING ring of willpower.
 21120 | Gauntlet | 21120 ||| DROPPING ring of protection from cold.
 21134 | D:12     | 21134 ||| PLANNING D
 21153 | D:12     | Reached skill level 12 in Shields
 21178 | D:12     | 21178 ||| INVOKING Brothers in Arms.
 21179 | D:12     | 21179 ||| INVOKING Brothers in Arms.
 21180 | D:12     | 21180 ||| INVOKING Brothers in Arms.
 21182 | D:12     | 21182 ||| SWAPPING to +0 broad axe of flaming.
 21183 | D:12     | 21183 ||| INVOKING Berserk.
 21215 | D:12     | 21215 ||| SWAPPING to +9 war axe "Nytaunt" {spect, Drain
                  | rPois rCorr Dex+2}.
 21498 | D:12     | 21498 ||| INVOKING Brothers in Arms.
 21499 | D:12     | 21499 ||| INVOKING Brothers in Arms.
 21500 | D:12     | 21500 ||| INVOKING Brothers in Arms.
 21501 | D:12     | 21501 ||| INVOKING Brothers in Arms.
 21502 | D:12     | 21502 ||| INVOKING Brothers in Arms.
 21503 | D:12     | 21503 ||| INVOKING Brothers in Arms.
 21504 | D:12     | 21504 ||| SWAPPING to +0 broad axe of flaming.
 21505 | D:12     | 21505 ||| INVOKING Berserk.
 21537 | D:12     | 21537 ||| SWAPPING to +9 war axe "Nytaunt" {spect, Drain
                  | rPois rCorr Dex+2}.
 21717 | D:12     | 21717 ||| Stepping ~*~*~tactically~*~*~ (stealth).
 21861 | D:12     | 21861 ||| Stepping ~*~*~tactically~*~*~ (stealth).
 22005 | D:12     | 22005 ||| FLEEEEING.
 22006 | D:12     | 22006 ||| FLEEEEING.
 22007 | D:12     | 22007 ||| FLEEEEING.
 22008 | D:12     | 22008 ||| FLEEEEING.
 22009 | D:12     | 22009 ||| FLEEEEING.
 22010 | D:12     | 22010 ||| FLEEEEING.
 22025 | D:12     | 22025 ||| FLEEEEING.
 22039 | D:12     | 22039 ||| FLEEEEING.
 22046 | D:12     | 22046 ||| STAIRDANCE
 22225 | D:12     | 22225 ||| FLEEEEING.
 22226 | D:12     | 22226 ||| FLEEEEING.
 22227 | D:12     | 22227 ||| FLEEEEING.
 22228 | D:12     | 22228 ||| FLEEEEING.
 22229 | D:12     | 22229 ||| FLEEEEING.
 22504 | D:13     | 22504 ||| Stepping randomly (stuck).
 22506 | D:13     | 22506 ||| Stepping ~*~*~tactically~*~*~ (hiding).
 22507 | D:13     | 22507 ||| STAIRDANCE
 22509 | D:12     | 22509 ||| INVOKING Berserk.
 22643 | D:13     | 22643 ||| STAIRDANCE
 22645 | D:12     | 22645 ||| SWAPPING to +0 broad axe of flaming.
 22646 | D:12     | 22646 ||| INVOKING Berserk.
 22706 | D:12     | 22706 ||| SWAPPING to +9 war axe "Nytaunt" {spect, Drain
                  | rPois rCorr Dex+2}.
 22709 | D:13     | 22709 ||| STAIRDANCE
 22711 | D:12     | 22711 ||| INVOKING Berserk.
 22797 | D:13     | 22797 ||| STAIRDANCE
 22867 | D:13     | 22867 ||| STAIRDANCE
 22896 | D:13     | 22896 ||| DRINKING 10 potions of curing.
 22896 | D:13     | 22896 ||| (to cure confusion)
 22897 | D:13     | 22897 ||| INVOKING Trog's Hand.
 22900 | D:13     | 22900 ||| STAIRDANCE
 22950 | D:13     | Reached skill level 6 in Throwing
 23096 | D:13     | 23096 ||| DRINKING potion of cancellation.
 23122 | D:13     | 23122 ||| INVOKING Brothers in Arms.
 23123 | D:13     | 23123 ||| INVOKING Brothers in Arms.
 23124 | D:13     | 23124 ||| INVOKING Brothers in Arms.
 23125 | D:13     | 23125 ||| INVOKING Brothers in Arms.
 23126 | D:13     | 23126 ||| INVOKING Brothers in Arms.
 23127 | D:13     | 23127 ||| SWAPPING to +0 broad axe of flaming.
 23128 | D:13     | 23128 ||| INVOKING Berserk.
 23144 | D:13     | 23144 ||| SWAPPING to +9 war axe "Nytaunt" {spect, Drain
                  | rPois rCorr Dex+2}.
 23597 | D:13     | Found a gate to the Vaults.
 23598 | D:13     | 23598 ||| INVOKING Trog's Hand.
 23602 | D:13     | Reached XP level 15. HP: 130/132 MP: 12/12
 23620 | D:13     | 23620 ||| READING scroll of enchant armour.
 23620 | D:13     | 23620 ||| ENCHANTING +1 pair of boots.
 23725 | D:13     | 23725 ||| UPGRADING to +1 plate armour of fire resistance.
 23735 | D:13     | 23735 ||| DROPPING +0 plate armour.
 23736 | D:13     | 23736 ||| UPGRADING to amulet of the acrobat.
 23741 | D:13     | 23741 ||| DROPPING ring of resist corrosion.
 23767 | D:14     | 23767 ||| STAIRDANCE
 23883 | D:14     | 23883 ||| STAIRDANCE
 24022 | D:14     | 24022 ||| Stepping ~*~*~tactically~*~*~ (hiding).
 24026 | D:14     | 24026 ||| Stepping ~*~*~tactically~*~*~ (hiding).
 24028 | D:14     | 24028 ||| Stepping ~*~*~tactically~*~*~ (hiding).
 24087 | D:14     | Reached skill level 15 in Shields
 24154 | D:14     | 24154 ||| INVOKING Berserk.
 24309 | D:14     | 24309 ||| Stepping ~*~*~tactically~*~*~ (stealth).
 24316 | D:14     | 24316 ||| Stepping ~*~*~tactically~*~*~ (hiding).
 24318 | D:14     | 24318 ||| INVOKING Berserk.
 24665 | D:15     | Entered Level 15 of the Dungeon
 24666 | D:15     | 24666 ||| STAIRDANCE
 24676 | D:15     | 24676 ||| STAIRDANCE
 24802 | D:15     | 24802 ||| Stepping ~*~*~tactically~*~*~ (stealth).
 24831 | D:15     | 24831 ||| INVOKING Berserk.
 24844 | D:15     | 24844 ||| INVOKING Brothers in Arms.
 24844 | D:15     | HP: 32/144 [flayed ghost/flay_damage (9)]
 24845 | D:15     | 24845 ||| READING scroll of teleportation.
 24846 | D:15     | 24846 ||| DRINKING 10 potions of heal wounds.
 25124 | D:15     | 25124 ||| Stepping ~*~*~tactically~*~*~ (stealth).
 25126 | D:15     | 25126 ||| Stepping ~*~*~tactically~*~*~ (stealth).
 25130 | D:15     | 25130 ||| Stepping ~*~*~tactically~*~*~ (stealth).
 25134 | D:15     | Reached skill level 15 in Armour
 25152 | D:15     | 25152 ||| Stepping ~*~*~tactically~*~*~ (hiding).
 25164 | D:15     | 25164 ||| INVOKING Berserk.
 25334 | D:15     | 25334 ||| Stepping ~*~*~tactically~*~*~ (stealth).
 25335 | D:15     | 25335 ||| Stepping ~*~*~tactically~*~*~ (stealth).
 25338 | D:15     | Found a staircase to the Depths.
 25348 | D:15     | 25348 ||| INVOKING Berserk.
 25632 | D:15     | 25632 ||| Stepping ~*~*~tactically~*~*~ (stealth).
 25633 | D:15     | 25633 ||| Stepping ~*~*~tactically~*~*~ (stealth).
 25638 | D:15     | 25638 ||| FLEEEEING.
 25640 | D:15     | 25640 ||| FLEEEEING.
 25643 | D:15     | 25643 ||| FLEEEEING.
 25644 | D:15     | 25644 ||| FLEEEEING.
 25645 | D:15     | 25645 ||| FLEEEEING.
 25646 | D:15     | 25646 ||| FLEEEEING.
 25647 | D:15     | 25647 ||| FLEEEEING.
 25648 | D:15     | 25648 ||| FLEEEEING.
 25649 | D:15     | 25649 ||| FLEEEEING.
 25650 | D:15     | 25650 ||| FLEEEEING.
 25651 | D:15     | 25651 ||| FLEEEEING.
 25840 | D:15     | 25840 ||| Stepping ~*~*~tactically~*~*~ (hiding).
 25894 | D:15     | 25894 ||| INVOKING Berserk.
 26259 | D:15     | 26259 ||| INVOKING Berserk.
 26448 | D:15     | 26448 ||| Stepping ~*~*~tactically~*~*~ (stealth).
 26453 | D:15     | 26453 ||| Stepping ~*~*~tactically~*~*~ (stealth).
 26461 | D:15     | 26461 ||| Stepping ~*~*~tactically~*~*~ (stealth).
 26568 | D:15     | 26568 ||| PLANNING ORC
 26568 | D:15     | 26568 ||| UPGRADING to +2 kite shield of protection.
 26578 | D:15     | 26578 ||| DROPPING +2 kite shield of reflection.
 26579 | D:15     | 26579 ||| READING scroll labelled ELURHOAXKA.
 26765 | Orc:1    | Entered Level 1 of the Orcish Mines
 26854 | Orc:1    | 26854 ||| Stepping ~*~*~tactically~*~*~ (stealth).
 26857 | Orc:1    | 26857 ||| Stepping ~*~*~tactically~*~*~ (stealth).
 26859 | Orc:1    | 26859 ||| Stepping ~*~*~tactically~*~*~ (stealth).
 26860 | Orc:1    | 26860 ||| Stepping ~*~*~tactically~*~*~ (stealth).
 26933 | Orc:1    | 26933 ||| Stepping ~*~*~tactically~*~*~ (stealth).
 26935 | Orc:1    | 26935 ||| Stepping ~*~*~tactically~*~*~ (hiding).
 26966 | Orc:1    | 26966 ||| Stepping ~*~*~tactically~*~*~ (stealth).
 26970 | Orc:1    | 26970 ||| Stepping ~*~*~tactically~*~*~ (stealth).
 27188 | Orc:2    | Entered Level 2 of the Orcish Mines
 27188 | Orc:2    | Found Woad Vunwy's Jewellery Shoppe.
 27189 | Orc:2    | Found Beuwnijon's Antique Weapon Shop.
 27190 | Orc:2    | 27190 ||| INVOKING Trog's Hand.
 27194 | Orc:2    | 27194 ||| INVOKING Berserk.
 27291 | Orc:2    | 27291 ||| INVOKING Berserk.
 27363 | Orc:2    | 27363 ||| INVOKING Trog's Hand.
 27368 | Orc:2    | 27368 ||| INVOKING Berserk.
 27531 | Orc:2    | Found Oskyem's General Store.
 27561 | Orc:2    | 27561 ||| INVOKING Trog's Hand.
 27562 | Orc:2    | Noticed an orc warlord
 27563 | Orc:2    | 27563 ||| INVOKING Brothers in Arms.
 27565 | Orc:2    | 27565 ||| INVOKING Berserk.
 27579 | Orc:2    | Killed an orc warlord
 27581 | Orc:2    | 27581 ||| INVOKING Brothers in Arms.
 27593 | Orc:2    | 27593 ||| INVOKING Trog's Hand.
 27700 | Orc:2    | Found Xepn's Antique Armour Shop.
 27709 | Orc:2    | 27709 ||| BUYING bloodstained plate armour (868 gold).
 27709 | Orc:2    | Bought a bloodstained plate armour for 868 gold pieces
 27709 | Orc:2    | Identified the +1 plate armour "Puha" {Int+4} (You bought
                  | it in a shop on level 2 of the Orcish Mines)
 27709 | Orc:2    | 27709 ||| BUYING fine chain mail (294 gold).
 27709 | Orc:2    | Bought a fine chain mail for 294 gold pieces
 27709 | Orc:2    | Identified the +5 chain mail "Kyneg" {Will+} (You bought it
                  | in a shop on level 2 of the Orcish Mines)
 27709 | Orc:2    | 27709 ||| SHOPLISTING runed ice dragon scales (1953 gold,
                  | have 616).
 27720 | Orc:2    | Found a staircase to the Elven Halls.
 27944 | Orc:2    | Found Zuxeas's General Store.
 27968 | Orc:2    | Found Hipsyec's Jewellery Shoppe.
 27970 | Orc:2    | 27970 ||| BUYING +4 ring of evasion (576 gold).
 27970 | Orc:2    | Bought a +4 ring of evasion for 576 gold pieces
 27970 | Orc:2    | 27970 ||| SHOPLISTING amulet of reflection (480 gold, have
                  | 181).
 27970 | Orc:2    | 27970 ||| SHOPLISTING ring of protection from fire (400
                  | gold, have 181).
 27976 | Orc:2    | 27976 ||| SHOPLISTING amulet of regeneration (420 gold,
                  | have 181).
 27976 | Orc:2    | 27976 ||| SHOPLISTING ring "Iwept" {rElec rF+ rN+ MP-9}
                  | (309 gold, have 181).
 27976 | Orc:2    | 27976 ||| SHOPLISTING ring of poison resistance (280 gold,
                  | have 181).
 28075 | Orc:2    | 28075 ||| DROPPING +1 plate armour "Puha" {Int+4}.
 28239 | Orc:1    | 28239 ||| PLANNING SWAMP:1-3
 28475 | Swamp:1  | Entered Level 1 of the Swamp
 28482 | Swamp:1  | Reached XP level 16. HP: 155/155 MP: 13/13
 28516 | Swamp:1  | 28516 ||| Stepping ~*~*~tactically~*~*~ (hiding).
 28518 | Swamp:1  | 28518 ||| INVOKING Berserk.
 28780 | Swamp:1  | Noticed a thorn hunter
 28781 | Swamp:1  | 28781 ||| Stepping ~*~*~tactically~*~*~ (hiding).
 28784 | Swamp:1  | 28784 ||| INVOKING Brothers in Arms.
 28785 | Swamp:1  | 28785 ||| INVOKING Berserk.
 28789 | Swamp:1  | Killed a thorn hunter
 28953 | Swamp:1  | 28953 ||| INVOKING Berserk.
 29088 | Swamp:1  | 29088 ||| INVOKING Berserk.
 29208 | Swamp:1  | 29208 ||| Stepping ~*~*~tactically~*~*~ (water).
 29451 | Swamp:2  | Noticed Mlioglotl
 29452 | Swamp:2  | 29452 ||| INVOKING Berserk.
 29462 | Swamp:2  | Killed Mlioglotl
 29467 | Swamp:2  | Noticed a tentacled monstrosity
 29470 | Swamp:2  | 29470 ||| INVOKING Brothers in Arms.
 29475 | Swamp:2  | HP: 36/155 [tentacled monstrosity (11)]
 29475 | Swamp:2  | Killed a tentacled monstrosity
 29476 | Swamp:2  | 29476 ||| DRINKING 11 potions of heal wounds.
 29750 | Swamp:2  | 29750 ||| READING scroll of enchant armour.
 29750 | Swamp:2  | 29750 ||| ENCHANTING +1 plate armour of fire resistance.
 29791 | Swamp:2  | 29791 ||| Stepping ~*~*~tactically~*~*~ (stealth).
 29793 | Swamp:2  | 29793 ||| Stepping ~*~*~tactically~*~*~ (stealth).
 29842 | Swamp:2  | 29842 ||| Stepping ~*~*~tactically~*~*~ (stealth).
 29919 | Swamp:2  | 29919 ||| Stepping ~*~*~tactically~*~*~ (water).
 30230 | Swamp:3  | 30230 ||| Stepping ~*~*~tactically~*~*~ (water).
 30231 | Swamp:3  | 30231 ||| INVOKING Berserk.
 30322 | Swamp:3  | Found an opulent altar of Gozag.
 30324 | Swamp:3  | 30324 ||| Stepping ~*~*~tactically~*~*~ (water).
 30329 | Swamp:3  | Reached skill level 18 in Fighting
 30421 | Swamp:3  | 30421 ||| INVOKING Trog's Hand.
 30422 | Swamp:3  | 30422 ||| INVOKING Berserk.
 30596 | Swamp:3  | 30596 ||| SWAPPING to +0 broad axe of flaming.
 30598 | Swamp:3  | 30598 ||| Stepping ~*~*~tactically~*~*~ (water).
 30603 | Swamp:3  | 30603 ||| SWAPPING to +9 war axe "Nytaunt" {spect, Drain
                  | rPois rCorr Dex+2}.
 30686 | Swamp:3  | 30686 ||| SWAPPING to +0 broad axe of flaming.
 30691 | Swamp:3  | 30691 ||| SWAPPING to +9 war axe "Nytaunt" {spect, Drain
                  | rPois rCorr Dex+2}.
 30708 | Swamp:3  | 30708 ||| INVOKING Berserk.
 30713 | Swamp:3  | HP: 32/148 [ghost crab] (8)]
 31209 | Swamp:3  | 31209 ||| PLANNING SNAKE:1-3
 31209 | Swamp:3  | 31209 ||| DROPPING +1 chain mail of cold resistance.
 31210 | Swamp:3  | 31210 ||| READING 19 scrolls of identify.
 31210 | Swamp:3  | 31210 ||| IDENTIFYING sapphire potion
 31326 | Snake:1  | Entered Level 1 of the Snake Pit
 31554 | Snake:1  | Found Gegaq's Gadget Gallery.
 31804 | Snake:1  | 31804 ||| Stepping ~*~*~tactically~*~*~ (stealth).
 31819 | Snake:1  | Found Yxot's Armour Emporium.
 31835 | Snake:1  | 31835 ||| Stepping ~*~*~tactically~*~*~ (hiding).
 32158 | Snake:1  | 32158 ||| INVOKING Berserk.
 32434 | Snake:1  | 32434 ||| Stepping ~*~*~tactically~*~*~ (hiding).
 32677 | Snake:1  | 32677 ||| READING 20 scrolls of identify.
 32677 | Snake:1  | 32677 ||| IDENTIFYING fuming black potion
 32678 | Snake:1  | 32678 ||| DROPPING potion of attraction.
 32710 | Snake:2  | 32710 ||| Stepping ~*~*~tactically~*~*~ (hiding).
 32712 | Snake:2  | 32712 ||| Stepping ~*~*~tactically~*~*~ (hiding).
 32754 | Snake:2  | 32754 ||| Stepping ~*~*~tactically~*~*~ (stealth).
 33018 | Snake:2  | Found Xiefres's CLEARANCE SALE!.
 33022 | Snake:2  | You fall into a shaft and drop 1 floor!
 33060 | Snake:2  | 33060 ||| Stepping ~*~*~tactically~*~*~ (stealth).
 33065 | Snake:2  | Reached skill level 9 in Throwing
 33091 | Snake:2  | 33091 ||| Stepping ~*~*~tactically~*~*~ (hiding).
 33130 | Snake:2  | 33130 ||| Stepping ~*~*~tactically~*~*~ (stealth).
 33252 | Snake:2  | 33252 ||| Stepping ~*~*~tactically~*~*~ (hiding).
 33281 | Snake:2  | 33281 ||| Stepping ~*~*~tactically~*~*~ (stealth).
 33311 | Snake:2  | 33311 ||| Stepping ~*~*~tactically~*~*~ (hiding).
 33742 | Snake:2  | 33742 ||| BUYING potion of heal wounds (30 gold).
 33742 | Snake:2  | Bought a potion of heal wounds for 30 gold pieces
 33742 | Snake:2  | 33742 ||| BUYING potion of heal wounds (30 gold).
 33742 | Snake:2  | Bought a potion of heal wounds for 30 gold pieces
 33825 | Snake:2  | 33825 ||| Stepping ~*~*~tactically~*~*~ (hiding).
 34078 | Snake:2  | 34078 ||| INVOKING Berserk.
 34394 | Snake:2  | 34394 ||| Stepping ~*~*~tactically~*~*~ (hiding).
 34402 | Snake:2  | 34402 ||| INVOKING Berserk.
 34419 | Snake:2  | 34419 ||| Stepping ~*~*~tactically~*~*~ (hiding).
 34790 | Snake:2  | 34790 ||| DROPPING +1 pair of gloves.
 34791 | Snake:2  | 34791 ||| UPGRADING to +1 tower shield of protection.
 34801 | Snake:2  | 34801 ||| DROPPING +2 kite shield of protection.
 34802 | Snake:2  | 34802 ||| DROPPING +2 pair of gloves.
 34827 | Snake:3  | 34827 ||| Stepping ~*~*~tactically~*~*~ (hiding).
 34828 | Snake:3  | 34828 ||| Stepping ~*~*~tactically~*~*~ (hiding).
 34909 | Snake:3  | Reached XP level 17. HP: 159/166 MP: 14/14
 35179 | Snake:3  | 35179 ||| Stepping ~*~*~tactically~*~*~ (hiding).
 35182 | Snake:3  | 35182 ||| Stepping ~*~*~tactically~*~*~ (hiding).
 35185 | Snake:3  | 35185 ||| Stepping ~*~*~tactically~*~*~ (hiding).
 35186 | Snake:3  | 35186 ||| Stepping ~*~*~tactically~*~*~ (hiding).
 35190 | Snake:3  | 35190 ||| INVOKING Berserk.
 35379 | Snake:3  | 35379 ||| Stepping ~*~*~tactically~*~*~ (stealth).
 35382 | Snake:3  | 35382 ||| Stepping ~*~*~tactically~*~*~ (stealth).
 35438 | Snake:3  | 35438 ||| Stepping ~*~*~tactically~*~*~ (stealth).
 35625 | Snake:3  | 35625 ||| PLANNING SWAMP:4
 35795 | Swamp:4  | Entered Level 4 of the Swamp
 35808 | Swamp:4  | 35808 ||| INVOKING Berserk.
 35983 | Swamp:4  | 35983 ||| Stepping ~*~*~tactically~*~*~ (water).
 36264 | Swamp:4  | 36264 ||| Stepping ~*~*~tactically~*~*~ (water).
 36267 | Swamp:4  | Reached skill level 18 in Shields
 36299 | Swamp:4  | 36299 ||| Stepping ~*~*~tactically~*~*~ (stealth).
 36302 | Swamp:4  | 36302 ||| Stepping ~*~*~tactically~*~*~ (hiding).
 36311 | Swamp:4  | 36311 ||| Stepping ~*~*~tactically~*~*~ (cloud).
 36330 | Swamp:4  | 36330 ||| Stepping ~*~*~tactically~*~*~ (hiding).
 36371 | Swamp:4  | 36371 ||| Stepping ~*~*~tactically~*~*~ (water).
 36450 | Swamp:4  | Received a gift from Trog
 36456 | Swamp:4  | 36456 ||| FLEEEEING.
 36457 | Swamp:4  | 36457 ||| FLEEEEING.
 36458 | Swamp:4  | 36458 ||| FLEEEEING.
 36459 | Swamp:4  | 36459 ||| SWAPPING to +0 broad axe of flaming.
 36462 | Swamp:4  | 36462 ||| SWAPPING to +9 war axe "Nytaunt" {spect, Drain
                  | rPois rCorr Dex+2}.
 36474 | Swamp:4  | 36474 ||| Stepping ~*~*~tactically~*~*~ (stealth).
 36475 | Swamp:4  | 36475 ||| Stepping ~*~*~tactically~*~*~ (stealth).
 36636 | Swamp:4  | 36636 ||| INVOKING Berserk.
 36787 | Swamp:4  | 36787 ||| Stepping ~*~*~tactically~*~*~ (hiding).
 36788 | Swamp:4  | 36788 ||| Stepping ~*~*~tactically~*~*~ (hiding).
 36907 | Swamp:4  | 36907 ||| SWAPPING to +0 broad axe of flaming.
 36911 | Swamp:4  | 36911 ||| SWAPPING to +9 war axe "Nytaunt" {spect, Drain
                  | rPois rCorr Dex+2}.
 37281 | Swamp:4  | 37281 ||| SWAPPING to +0 broad axe of flaming.
 37284 | Swamp:4  | 37284 ||| SWAPPING to +9 war axe "Nytaunt" {spect, Drain
                  | rPois rCorr Dex+2}.
 37293 | Swamp:4  | 37293 ||| SWAPPING to +0 broad axe of flaming.
 37298 | Swamp:4  | 37298 ||| SWAPPING to +9 war axe "Nytaunt" {spect, Drain
                  | rPois rCorr Dex+2}.
 37311 | Swamp:4  | 37311 ||| Stepping ~*~*~tactically~*~*~ (stealth).
 37313 | Swamp:4  | 37313 ||| Stepping ~*~*~tactically~*~*~ (cloud).
 37315 | Swamp:4  | 37315 ||| PLANNING SWAMP:1-3
 37317 | Swamp:4  | 37317 ||| SWAPPING to +0 broad axe of flaming.
 37320 | Swamp:4  | 37320 ||| SWAPPING to +9 war axe "Nytaunt" {spect, Drain
                  | rPois rCorr Dex+2}.
 37325 | Swamp:4  | 37325 ||| Stepping ~*~*~tactically~*~*~ (stealth).
 37328 | Swamp:4  | 37328 ||| SWAPPING to +0 broad axe of flaming.
 37331 | Swamp:4  | Slain by a five-headed hydra simulacrum

Levels and vault maps discovered:
D:1:      co_arrival_square_in_a_square_in_a_square, layout_loops_ring,
          ebering_ecumenical_altar_sacrificial
D:2:      layout_rooms, serial_shops, nicolae_shop_crystal
D:3:      layout_loops_cross, minmay_misc_feat_x, supply_closet_lemuel,
          grunt_ministairs_1
D:4:      layout_rooms, gammafunk_temple_overflow_forgotten, hex_medium
D:5:      layout_gridville, mainiacjoe_overflow_catwalk, minivault_25,
          uniq_blork_the_orc
D:6:      layout_loops_cross, mainiacjoe_overflow_24_doors,
          portal_sewer_entry_d, serial_shops, nicolae_shop_waterfront
D:7:      layout_basic, temple_fountains
D:8:      layout_cave_pods, serial_shops, shop_statue, shop,
          nicolae_shop_crystal, nicolae_inconvenience_store, shop,
          minmay_checkerbox, uniq_psyche, uniq_maurice
D:9:      layout_roguey, grunt_dithmenos_smoke_and_mirrors, david_orc_5
D:10:     layout_grid_maze, nicolae_uskayaw_murder_on_the_dancefloor,
          mainiacjoe_overflow_paths, dpeg_oklobed_lair,
          nicolae_shop_sticking_my_neck_out
D:11:     layout_basic, uniq_amaemon
D:12:     layout_cave_pods, gauntlet_entry_generic
D:13:     minmay_ambush_box, layout_gridville, grunt_vaults_entry_tiered
D:14:     layout_rooms, minmay_misc_feat_rows
D:15:     gammafunk_depths_entry_grave, layout_basic
Lair:1:   layout_long_grid, minivault_26, nicolae_lair_run_with_the_wolves
Lair:2:   layout_regular_city, palyth_hydra_swamp_entry, uniq_prince_ribbit2
Lair:3:   layout_gridlike, dummy_snake_entry, chequers_serial_rivers_small_b
Lair:4:   layout_regular_city, grunt_megastairs_3
Lair:5:   due_jungle_book, layout_cave_pods, slime_entry_2
Swamp:1:  layout_falls_marsh, nicolae_swamp_decorative_isthmus, swamp_pool1
Swamp:2:  layout_basic_swamp, serial_swamp_ruin, evilmike_swamp_ruin_rubble_2,
          evilmike_swamp_ruin_house_4, swamp_pool1, infiniplex_staircase_pool,
          uniq_mlioglotl
Swamp:3:  layout_basic_swamp, basic_altar, infiniplex_staircase_pool_2
Swamp:4:  swamp_icy, layout_basic_swamp, portal_ice_cave_entry_frozen_things,
          grunt_hermit_hut
Snake:1:  layout_onion, serial_shops, shop, nicolae_snake_slithery_corners,
          nicolae_shop_gadgets
Snake:2:  layout_layer_cave, grunt_ministairs_3, nicolae_shop_clearance
Snake:3:  layout_misc_corridors
Orc:1:    layout_diamond_mine
Orc:2:    grunt_orc_gardens, layout_caves, grunt_orc_garden, grunt_orc_garden,
          grunt_orc_garden, grunt_orc_garden, basic_altar, serial_shops,
          nicolae_shop_hallway_plus, shop

Skill      XL: |  1  2  3  4  5  6  7  8  9 10 11 12 13 14 15 16 17 |
---------------+----------------------------------------------------+-----
Axes           | 4 5 7 8 10 12 13 15 16 | 16.9
Throwing       | 2 3 4 6 8 9 |  9.0
Armour         | 4 5 7 8 10 12 14 15 17 | 17.0
Fighting       | 4 5 6 8 9 11 13 15 17 18 | 18.5
Dodging        | 4 5 7 9 10 11 | 11.0
Shields        | 5 7 9 10 14 15 16 18 | 18.7

Action                   |  1- 3 |  4- 6 |  7- 9 | 10-12 | 13-15 | 16-18 || total
-------------------------+-------+-------+-------+-------+-------+-------++-------
Melee: Hand axe          |    81 |   102 |   252 |       |       |       ||   435
       Headbutt          |    10 |    18 |    36 |    53 |   184 |   106 ||   407
       Punch             |     2 |     1 |     4 |       |       |       ||     7
       War axe           |       |       |       |   257 |   637 |   452 ||  1346
       Flail             |       |       |       |    14 |     3 |       ||    17
       Broad axe         |       |       |       |       |    14 |    16 ||    30
Throw: Boomerang         |       |    27 |    29 |    91 |   115 |    38 ||   300
       Javelin           |       |    12 |    37 |    22 |    71 |    31 ||   173
Invok: Berserk           |       |     4 |     5 |    23 |    27 |    14 ||    73
       Trog's Hand       |       |       |     1 |       |     7 |     1 ||     9
       Brothers in Arms  |       |       |       |     5 |    10 |     2 ||    17
  Use: Scroll            |     4 |     9 |     7 |     5 |     9 |     3 ||    37
       Potion            |       |     3 |     4 |     1 |     3 |     1 ||    12
 Stab: Distracted        |       |       |       |     3 |    13 |     8 ||    24
       Confused          |       |       |       |       |       |     1 ||     1
Armor: Animal skin       |     8 |       |       |       |       |       ||     8
       Leather armour    |    10 |     7 |       |       |       |       ||    17
       Plate armour      |       |    22 |   121 |   106 |   212 |   146 ||   607
Dodge: Dodged            |    43 |    32 |    76 |    68 |   168 |   160 ||   547
Block: Buckler           |       |       |       |    46 |    26 |       ||    72
       Kite shield       |       |       |       |       |   257 |   203 ||   460
       Reflection        |       |       |       |       |    27 |       ||    27
       Tower shield      |       |       |       |       |       |   123 ||   123

Table legend:
 A = Non-vault XP
 B = Vault XP
 C = Vault XP percentage of total XP
 D = Non-vault monster count
 E = Vault monster count
 F = Vault count percentage of total count
                 A         B        C        D         E       F
            +---------+---------+-------+---------+---------+-------
      Total |  176739 |   68683 |  28.0 |     653 |     237 |  26.6
            +---------+---------+-------+---------+---------+-------
        D:1 |      32 |       0 |   0.0 |      17 |       0 |   0.0
        D:2 |      65 |       0 |   0.0 |      25 |       0 |   0.0
        D:3 |      86 |       1 |   1.1 |      19 |       1 |   5.0
        D:4 |     113 |       0 |   0.0 |      12 |       0 |   0.0
        D:5 |     544 |      91 |  14.3 |      25 |       1 |   3.8
        D:6 |     600 |      13 |   2.1 |       9 |       1 |  10.0
        D:7 |    1519 |       0 |   0.0 |      24 |       0 |   0.0
        D:8 |    2086 |    1261 |  37.7 |      26 |       6 |  18.8
        D:9 |    1258 |     690 |  35.4 |      21 |      22 |  51.2
       D:10 |    2535 |       0 |   0.0 |      13 |       0 |   0.0
       D:11 |    2873 |    1156 |  28.7 |      13 |       2 |  13.3
       D:12 |    9162 |    4576 |  33.3 |      23 |       6 |  20.7
       D:13 |    7527 |    8417 |  52.8 |      21 |      27 |  56.2
       D:14 |   10333 |       0 |   0.0 |      23 |       0 |   0.0
       D:15 |   18338 |    4692 |  20.4 |      39 |       8 |  17.0
     Lair:1 |    4916 |    1720 |  25.9 |      19 |       7 |  26.9
     Lair:2 |    6250 |    4153 |  39.9 |      22 |      12 |  35.3
     Lair:3 |    4527 |       0 |   0.0 |      21 |       0 |   0.0
     Lair:4 |    3578 |    2349 |  39.6 |      17 |       7 |  29.2
     Lair:5 |   17067 |   11719 |  40.7 |      59 |      29 |  33.0
    Swamp:1 |    8148 |       0 |   0.0 |      20 |       0 |   0.0
    Swamp:2 |   10950 |    1831 |  14.3 |      23 |       1 |   4.2
    Swamp:3 |    8501 |       0 |   0.0 |      16 |       0 |   0.0
    Swamp:4 |   12272 |    7899 |  39.2 |      23 |      26 |  53.1
    Snake:1 |   12729 |       0 |   0.0 |      27 |       0 |   0.0
    Snake:2 |   17293 |    1571 |   8.3 |      35 |       2 |   5.4
    Snake:3 |   11109 |       0 |   0.0 |      20 |       0 |   0.0
      Orc:1 |    1672 |       0 |   0.0 |      24 |       0 |   0.0
      Orc:2 |     656 |   10555 |  94.1 |      17 |      27 |  61.4
      Sewer |       0 |     610 | 100.0 |       0 |      30 | 100.0
   Gauntlet |       0 |    5379 | 100.0 |       0 |      22 | 100.0
            +---------+---------+-------+---------+---------+-------
